 Dungeon Crawl Stone Soup version 0.21-a0-111-g52d2817 (webtiles) character file.

74 zipzorp the Skirmisher (level 3, 0/31 HPs)
             Began as a Demigod Fighter on July 12, 2017.
             Slain by a hobgoblin
             ... wielding a +0 club
              (5 damage)
             ... on level 2 of the Dungeon.
             The game lasted 00:06:33 (1295 turns).

zipzorp the Skirmisher (Demigod Fighter)            Turns: 1295, Time: 00:06:33

Health: 0/31       AC:  7    Str: 21    XL:     3   Next: 86%
Magic:  5/5        EV:  7    Int: 12    God:
Gold:   56         SH:  9    Dex: 15    Spells: 2/2 levels left

rFire    . . .     SeeInvis .   a - +0 war axe
rCold    . . .     Gourm    .   c - +0 shield
rNeg     . . .     Faith    .   b - +0 scale mail
rPois    .         Spirit   .   (no helmet)
rElec    .         Reflect  .   (no cloak)
rCorr    .         Harm     .   k - +0 pair of gloves
MR       .....                  (no boots)
Stlth    ..........             (no amulet)
HPRegen  0.10/turn              (no ring)
MPRegen  0.09/turn              (no ring)

@: no status effects
A: high mp 1
a: no special abilities


You were on level 2 of the Dungeon.
You were not hungry.

You visited 1 branch of the dungeon, and saw 2 of its levels.

You collected 56 gold pieces.

Inventory:

Hand Weapons
 a - a +0 war axe (weapon)
Armour
 b - a +0 scale mail (worn)
 c - a +0 shield (worn)
 k - a +0 pair of gloves (worn)
Scrolls
 e - a scroll of magic mapping {unknown}
 n - 2 scrolls of remove curse
Potions
 d - a potion of might
 g - a potion of magic {unknown}
 m - 3 potions of agility {unknown}
Books
 l - a book of Cantrips

   Spells                             Type                      Level
   a - Confusing Touch                Hexes                        1
   b - Animate Skeleton               Necromancy                   1
   c - Summon Small Mammal            Summoning                    1
   d - Apportation                    Translocation                1
Comestibles
 i - 4 fruits
 j - a royal jelly


   Skills:
 + Level 3.1 Fighting
 + Level 2.7 Axes
 + Level 3.1 Armour
 + Level 0.5 Dodging
 + Level 3.0 Shields


You had 2 spell levels left.
You didn't know any spells.

Dungeon Overview and Level Annotations

Branches:
Dungeon (2/15)


Innate Abilities, Weirdness & Mutations

You have an increased reservoir of magic. (+10% MP)


Message History

The hobgoblin hits you but does no damage.
You hit the hobgoblin.
The hobgoblin is moderately wounded.
You block the hobgoblin's attack. The hobgoblin hits you with a club.
* * * LOW HITPOINT WARNING * * *
You hit the hobgoblin.
The hobgoblin is severely wounded.
The hobgoblin hits you with a club.
* * * LOW HITPOINT WARNING * * *
You hit the hobgoblin.
The hobgoblin is almost dead.
The hobgoblin barely misses you.
Your shield prevents you from hitting the hobgoblin.
The hobgoblin is severely wounded.
You block the hobgoblin's attack.
You closely miss the hobgoblin.
The hobgoblin is heavily wounded.
The hobgoblin hits you but does no damage.
The hobgoblin hits you with a club.
You die...

#...# #...# #...#########
########
#...#.......#####.......
######...#.............######
###
#................############
..###.......##..@....# ##....
#...............g....#
##..)..
)(##.................#
#......
#(...........##..#####
#...... ...#................#
#......
#..#.####.###<...##...#
#...... ..##.# #.# ###....# #
#...... ..##.. #.#
#......#.## #...... ..###.
#.# #.##......####......


You could see a hobgoblin.

Vanquished Creatures
  2 adders (D:2)
  An ooze (D:2)
  3 worms (D:2)
  A dart slug (D:1)
  2 leopard geckos
  3 bats (D:1)
  3 giant cockroaches
  4 goblins
  4 hobgoblins
  2 jackals (D:2)
  3 frilled lizards (D:1)
  8 kobolds
  3 rats
39 creatures vanquished.

Notes
Turn   | Place    | Note
-------+----------+-------------------------------------------
     0 | D:1      | zipzorp the Demigod Fighter began the quest for the Orb.
     0 | D:1      | Reached XP level 1. HP: 18/18 MP: 3/3
   286 | D:1      | Reached XP level 2. HP: 18/25 MP: 4/4
   875 | D:2      | Reached XP level 3. HP: 17/31 MP: 5/5
   998 | D:2      | HP: 1/31 [poisoned by an adder]
  1190 | D:2      | HP: 1/31 [worm (6)]
  1295 | D:2      | Slain by a hobgoblin

Vault maps used:
D:1:      dpeg_arrival_rhombi
D:2:      serial_glass, glass_columns_b, glass_columns_b

Skill      XL: |  1  2  3 |
---------------+----------+-----
Axes           | 2 |  2.7
Fighting       | 3 |  3.1
Armour         | 3 |  3.1
Shields        | 3 |  3.0
Dodging        | |  0.5

Action                   || total
-------------------------++-------
Melee: War axe           ||   138
  Use: Scroll            ||     3
       Potion            ||     2
  Eat: Bread ration      ||     1
Armor: Scale mail        ||    61
Dodge: Dodged            ||    47
Block: Shield            ||    85
